 Dungeon Crawl Stone Soup version 0.16.1-5-gaa23807 (webtiles) character file.

503 HungrySpirit the Cudgeler (level 6, 0/47 HPs)
             Began as a Demonspawn Artificer on Mar 28, 2015.
             Slain by an ogre
             ... wielding a +0 giant club
              (26 damage)
             ... on level 5 of the Dungeon.
             The game lasted 00:18:12 (5191 turns).

HungrySpirit the Cudgeler (Demonspawn Artificer)    Turns: 5191, Time: 00:18:12

Health: 0/47       AC:  7    Str: 11    XL:     6   Next: 96%
Magic:  9/9        EV: 13    Int: 14    God:
Gold:   146        SH:  0    Dex: 15    Spells: 0 memorised, 5 levels left

rFire  + . .     SeeInvis .     q - +1 whip (elec)
rCold  . . .     Clarity  .     e - +0 leather armour
rNeg   . . .     SustAb   .     (no shield)
rPois  .         Gourm    .     (helmet restricted)
rElec  .         Spirit   .     z - +1 cloak
rCorr  .         Warding  .     a - +0 pair of gloves
rMut   .         Stasis   .     F - +0 pair of boots
MR     .....                    (no amulet)
Stlth  +++.......               m - ring of protection from fire
                                l - ring of stealth

@: not resistant to hostile enchantments, fairly stealthy
A: antennae 2, foul stench 1, rot immunity
a: no special abilities


You were on level 5 of the Dungeon.
You were not hungry.

You visited 1 branch of the dungeon, and saw 5 of its levels.

You collected 146 gold pieces.

Inventory:

Hand weapons
 q - a +1 whip of electrocution (weapon)
Armour
 a - a +0 pair of gloves (worn)
 e - a +0 leather armour (worn)
 z - a +1 cloak (worn)
 F - a +0 pair of boots (worn)
Jewellery
 l - a ring of stealth (left hand)
 m - a ring of protection from fire (right hand)
 p - a +2 ring of intelligence
Magical devices
 b - a wand of flame (23)
 c - a wand of enslavement (8)
 x - a wand of random effects (14)
 y - a wand of random effects (21)
Scrolls
 g - a scroll of enchant weapon
 o - a scroll of teleportation
 v - a scroll of fear
 G - a scroll of enchant armour
Potions
 h - a potion of agility
 i - 4 potions of curing
 j - a potion of cure mutation
 u - a potion of resistance
 w - a potion of invisibility
 A - a potion of might
Comestibles
 f - 4 bread rations
 t - a slice of pizza
 E - a meat ration


   Skills:
 + Level 3.3 Fighting
   Level 1.7 Short Blades
 * Level 3.8 Maces & Flails
 + Level 3.7 Dodging
 + Level 1.7 Stealth
 - Level 1.0 Unarmed Combat
 - Level 3.0 Evocations


You had 5 spell levels left.
You didn't know any spells.

Dungeon Overview and Level Annotations

Branches:
Dungeon (5/15)
 Temple: D:4-7

Altars:
Dithmenos
Elyvilon
Kikubaaqudgha


Innate Abilities, Weirdness & Mutations

You have a pair of antennae on your head.
You emit a foul stench.
You are immune to rotting.


Message History

The hound is almost dead.
The bat skeleton hits you but does no damage.
The bat skeleton closely misses you. The hound bites you but does no damage.
The orc barely misses you. The bat skeleton misses you.
Your leather armour prevents you from hitting the hound.
The hound is almost dead.
The bat skeleton hits you but does no damage.
The hound closely misses you. The bat skeleton closely misses you.
The orc hits you but does no damage. The hound barely misses you.
The orc wizard hits you with a dagger.
The orc wizard looks sick.
You hit the bat skeleton. The bat skeleton closely misses you.
The bat skeleton closely misses you. The hound bites you.
The bat skeleton hits you. The orc hits you.
The bat skeleton barely misses you.
The bat skeleton hits you but does no damage.
The hound bites you.
The bat skeleton hits you but does no damage.
The hound misses you. The ogre hits you with a giant club!!
Ouch! That really hurt!
You die...

# ........##
###......... .
####..# ##......... .
##.######.......... .
..###.......##.......
#........#### #.###..
##......## .# #
##.##...# ##.## #
##..####....#
##.@Z)...#. ##Ohoo..#
.........)..#
..............#
..<........##.##
#.........# .#
#..#.......
..##....... .....!..


You could see an ogre, a hound, an orc wizard, an orc and a bat skeleton.

Vanquished Creatures
  Sigmund (D:2)
  3 orc priests
  A hound (D:4)
  Crazy Yiuf (D:2)
  A worker ant (D:4)
  2 iguanas
  An orc wizard (D:4)
  2 gnolls (D:4)
  4 adders
  A shadow imp (D:4)
  2 worms (D:2)
  A giant mite (D:1)
  An adder zombie (D:5)
  An adder skeleton (D:4)
  The ghost of 4thArraOfDagon the Chiller, a weakling DrIE (D:4)
  A giant gecko (D:4)
  10 orcs
  7 bats
  4 bat zombies (D:4)
  5 giant cockroaches
  8 goblins
  7 hobgoblins
  A ball python (D:1)
  A giant gecko skeleton (D:5)
  13 giant newts
  6 jackals
  6 kobolds
  2 quokkas (D:3)
  A quokka skeleton (D:4)
  8 rats
  A rat zombie (D:4)
104 creatures vanquished.

Vanquished Creatures (collateral kills)
  An adder (D:2)
  An orc (D:4)
2 creatures vanquished.

Vanquished Creatures (others)
  2 gnolls (D:4)
2 creatures vanquished.

Grand Total: 108 creatures vanquished

Notes
Turn   | Place    | Note
--------------------------------------------------------------
     0 | D:1      | HungrySpirit, the Demonspawn Artificer, began the quest for the Orb.
     0 | D:1      | Reached XP level 1. HP: 15/15 MP: 1/1
    17 | D:1      | Reached skill level 1 in Short Blades
   140 | D:1      | Gained mutation: You have a pair of small antennae on your head. [demonic ancestry]
   140 | D:1      | Reached XP level 2. HP: 15/21 MP: 3/3
   971 | D:2      | Reached skill level 1 in Unarmed Combat
   982 | D:2      | Gained mutation: You have a pair of antennae on your head. [demonic ancestry]
   982 | D:2      | Reached XP level 3. HP: 2/26 MP: 4/4
  1637 | D:2      | Reached skill level 1 in Maces & Flails
  1782 | D:2      | Gained mutation: You are immune to rotting. [demonic ancestry]
  1782 | D:2      | Reached XP level 4. HP: 23/32 MP: 6/6
  1862 | D:2      | Found a white marble altar of Elyvilon.
  2137 | D:2      | Noticed Sigmund
  2163 | D:2      | Killed Sigmund
  2163 | D:2      | Gained mutation: You emit a foul stench. [demonic ancestry]
  2163 | D:2      | Reached XP level 5. HP: 17/38 MP: 7/7
  2409 | D:2      | Noticed Crazy Yiuf
  2416 | D:2      | Killed Crazy Yiuf
  3682 | D:4      | Noticed 4thArraOfDagon's ghost (weakling DrIE)
  3689 | D:4      | Killed 4thArraOfDagon's ghost
  3810 | D:4      | Reached XP level 6. HP: 40/46 MP: 9/9
  4253 | D:4      | Reached skill level 1 in Stealth
  4600 | D:4      | Found an ancient bone altar of Kikubaaqudgha.
  4737 | D:4      | Found a shadowy altar of Dithmenos.
  5107 | D:4      | Gained mutation: Your muscles are strong. (Str +2) [potion of mutation]
  5107 | D:4      | Gained mutation: Your mind is acute. (Int +2) [potion of mutation]
  5107 | D:4      | Lost mutation: Your muscles are strong. (Str +2) [potion of mutation]
  5110 | D:4      | Lost mutation: Your mind is acute. (Int +2) [potion of cure mutation]
  5122 | D:5      | Entered Level 5 of the Dungeon
  5191 | D:5      | Slain by an ogre

Action                   |  1- 3 |  4- 6 || total
-------------------------+-------+-------++-------
Melee: Short sword       |    44 |       ||    44
       Whip              |    64 |   210 ||   274
Evoke: Wand              |     7 |    35 ||    42
  Use: Scroll            |       |    11 ||    11
       Potion            |       |     7 ||     7
 Stab: Sleeping          |       |     5 ||     5
  Eat: Chunk             |     2 |    10 ||    12
       Royal jelly       |       |     1 ||     1
